AoeStats
← LaTiN PoWeR

Arabia

516886366Analyzed
2v2 RM · 15d ago on Oct 28, 2026· 47m 47s· 4 players
Game mode
Random Map
Map size
Medium (4 player)
Population
200
Speed
Normal
Resources
Standard
Victory
Conquest
Starting age
Dark Age
Ending age
Imperial Age
RankedLock teamsTeams togetherTeam positionsShared explorationLock speedFull tech treeHidden civsTurbo modeCheats
Victory
Defeat
🇨🇴 Franks · Colombia
1395
+15
🇨🇴 Dravidians · Colombia
1364
+16
vs
🇨🇴 Mongols · Colombia
1406
-16
🇨🇴 Vietnamese · Colombia
1347
-15
CLB_Senafok
6:22 Loom
16:01 Feudal Age
16:23 Horse Collar
17:25 Bloodlines
17:42 Forging
25:37 Castle Age
26:07 Fletching
27:50 Bodkin Arrow
28:51 Stone Mining
32:10 Double-Bit Axe
33:59 Gold Mining
36:15 Bow Saw
36:35 Padded Archer Armor
38:41 Town Watch
41:07 Leather Archer Armor
42:00 Wheelbarrow
47:58 Imperial Age
47:02 Ballistics
LaTiN PoWeR
2:50 Loom
9:38 Feudal Age
10:03 Man-at-Arms
16:05 Double-Bit Axe
18:25 Fletching
19:56 Padded Archer Armor
22:40 Castle Age
21:47 Gold Mining
21:51 Horse Collar
23:22 Bodkin Arrow
25:46 Forging
28:27 Scale Barding Armor
28:26 Husbandry
29:50 Bloodlines
34:49 Wheelbarrow
35:32 Padded Archer Armor
37:06 Iron Casting
37:22 Town Watch
38:26 Ballistics
38:27 Leather Archer Armor
40:17 Bow Saw
41:08 Chain Barding Armor
42:09 Light Cavalry
42:48 Elite Skirmisher
46:25 Heavy Plow
47:01 Gold Shaft Mining
jeche1212
5:54 Loom
9:20 Feudal Age
15:56 Wheelbarrow
22:03 Castle Age
22:54 Scale Barding Armor
26:07 Chain Barding Armor
27:01 Forging
29:10 Husbandry
29:49 Fletching
33:16 Double-Bit Axe
37:40 Bow Saw
37:21 Gold Mining
38:15 Town Watch
38:22 Stone Mining
42:43 Imperial Age
43:40 Ballistics
44:41 Conscription
44:48 Cavalier
46:25 Plate Barding Armor
47:05 Iron Casting
48:13 Chemistry
47:33 Paladin
!PelayPilito
6:45 Loom
10:01 Feudal Age
10:36 Double-Bit Axe
10:32 Man-at-Arms
14:32 Horse Collar
21:26 Wheelbarrow
26:58 Castle Age
28:13 Hand Cart
28:11 Bow Saw
29:09 Heavy Plow
30:18 Elite Skirmisher
30:54 Fletching
31:44 Bodkin Arrow
32:56 Padded Archer Armor
33:35 Ballistics
34:33 Leather Archer Armor
36:32 Thumb Ring
36:27 Town Watch
37:45 Gold Mining
37:45 Stone Mining
41:44 Imperial Age
42:30 Bracer
43:37 Chemistry
42:51 Elite Elephant Archer
45:54 Conscription
47:03 Town Patrol
47:23 Masonry
47:23 Medical Corps
47:39 Wootz Steel
47:56 Hoardings
Connection lost

Rejoining the realm…

Still unreachable

The connection could not be restored.

Session expired

The server has moved on; the page needs a fresh start.